 Dungeon Crawl Stone Soup version 0.30-a0-739-gea05faddec (webtiles) character file.

Game seed: 1025013654644459080

122 timneilson the Shield-Bearer (level 5, -3/33 HPs)
             Began as a Gargoyle Fighter on Feb 4, 2023.
             Slain by a steam dragon (4 damage)
             ... on level 3 of the Dungeon.
             The game lasted 00:03:03 (1763 turns).

timneilson the Shield-Bearer (Gargoyle Fighter)     Turns: 1763, Time: 00:03:03

Health: -3/33      AC: 14    Str: 18 (20) XL:     5   Next: 6%
Magic:  5/5        EV:  7    Int:  7 (8)  God:
Gold:   95         SH:  5    Dex: 10 (11) Spells: 4/4 levels left

rFire   . . .      SeeInvis .    a - +0 long sword (chaos)
rCold   . . .      Faith    .    c - +1 buckler
rNeg    + . .      Spirit   .    h - +0 chain mail
rPois   ∞          Reflect  .    k - +0 helmet
rElec   +          Harm     .    (no cloak)
rCorr   .          Rampage  .    (no gloves)
Will    .....                    (no boots) Stlth
                                 (no amulet)
HPRegen 0.25/turn                (no ring)
MPRegen 0.09/turn                (no ring)

@: mighty
A: sickness immunity, AC +4, negative energy resistance 1, electricity
resistance, torment resistance 1, petrification resistance
a: no special abilities


You were on level 3 of the Dungeon.
You visited 1 branch of the dungeon, and saw 3 of its levels.

You collected 95 gold pieces.

Inventory:

Hand Weapons
 a - a +0 long sword of chaos (weapon)
Armour
 c - a +1 buckler (worn)
 h - a +0 chain mail (worn)
 k - a +0 helmet (worn)
Scrolls
 g - 2 scrolls of identify
 j - a scroll of brand weapon
 m - a scroll of amnesia
Potions
 b - a potion of brilliance {unknown}
 i - 3 potions of haste
 l - a potion of attraction {unknown}
 n - a potion of heal wounds {unknown}
 o - a potion of flight {unknown}


   Skills:
 + Level 3.7 Fighting
 * Level 2.7 Long Blades
 * Level 4.1 Armour
 + Level 0.8 Dodging
 * Level 4.2 Shields


You had 4 spell levels left.
You didn't know any spells.
Your spell library was empty.

Dungeon Overview and Level Annotations

Branches:
Dungeon (3/15)

Altars:
Sif Muna
Vehumet

Annotations:
D:3 3 runed translucent doors, Newt's ghost, amateur DsGl; porpoise's ghost, amateur FoFi


Innate Abilities, Weirdness & Mutations

You are immune to sickness and miasma.
Your stone body is resilient. (AC +4)
You are immune to poison.
You resist negative energy. (rN+)
You are resistant to electric shocks. (rElec)
You are resistant to unholy torment.
You are immune to petrification.


Message History

The adder bites you but does no damage. x2
You slash the adder!
You kill the adder!
The steam dragon breathes steam at you. The ball of steam hits you!
You have reached level 5!
The steam dragon barely misses you. x2
You see here a +0 ring mail.
You barely miss the steam dragon. The steam dragon bites you.
The steam dragon claws you but does no damage.
You closely miss the steam dragon.
The steam dragon bites you but does no damage.
You block the steam dragon's attack.
You barely miss the steam dragon.
You are engulfed in a cloud of scalding steam.
You block the steam dragon's attack. The steam dragon barely misses you.
The steam dragon breathes steam at you. The ball of steam hits you.
* * * LOW HITPOINT WARNING * * *
You barely miss the steam dragon. The steam dragon barely misses you.
The steam dragon claws you.
* * * LOW HITPOINT WARNING * * *
You slash the steam dragon!
You feel better.
The steam dragon is moderately wounded.
The steam dragon barely misses you. You block the steam dragon's attack.
You barely miss the steam dragon.
The steam dragon is moderately wounded.
The steam dragon bites you.
* * * LOW HITPOINT WARNING * * *
The steam dragon claws you but does no damage.
Unknown command.
It was a potion of degeneration.
There was something very wrong with that liquid.
You feel weakened.
You feel dopey.
You feel clumsy. The steam dragon bites you.
* * * LOW HITPOINT WARNING * * *
The steam dragon barely misses you.
It was a potion of magic.
Magic courses through your body. The steam dragon barely misses you.
The steam dragon claws you.
You die...

# ..............
#.#.##. ##
#.......###### .......
#...#......# ..$...D
........#.# .......
###.####...#
.......##.....##.#.# #
.......#.......#.#.# #
.......#.......#...#
...(...D@.._.....### #
###..#.#.......#.####.#
# #..#.......#......#
....##.....##†#.####
#..#.####.####...#
....#...[.......###
.... ####.##.##### ....
........# #########


You could see a steam dragon.

Vanquished Creatures
  6 adders
  4 worms
  A dart slug (D:2)
  11 ball pythons
  3 endoplasms
  3 giant cockroaches (D:1)
  A goblin (D:1)
  2 hobgoblins (D:2)
  9 kobolds
  3 quokkas (D:2)
  4 bats
  9 frilled lizards
  5 rats
61 creatures vanquished.

Vanquished Creatures (others)
  5 withered plants (D:3)
5 creatures vanquished.

Grand Total: 66 creatures vanquished

Notes
Turn   | Place    | Note
-------+----------+-------------------------------------------
     0 | D:1      | timneilson the Gargoyle Fighter began the quest for the
                  | Orb.
     0 | D:1      | Reached XP level 1. HP: 14/14 MP: 1/1
   117 | D:1      | Reached XP level 2. HP: 19/19 MP: 2/2
   611 | D:2      | Reached XP level 3. HP: 23/23 MP: 3/3
   913 | D:2      | Reached XP level 4. HP: 23/28 MP: 4/4
  1289 | D:3      | Found a faded altar of an unknown god.
  1547 | D:3      | Found a runed translucent gate.
  1548 | D:3      | Found a runed translucent gate.
  1548 | D:3      | Found a runed translucent gate.
  1550 | D:3      | Noticed porpoise's ghost (amateur FoFi)
  1550 | D:3      | Noticed Newt's ghost (amateur DsGl)
  1676 | D:3      | Found a radiant altar of Vehumet.
  1714 | D:3      | Found a shimmering blue altar of Sif Muna.
  1742 | D:3      | Noticed a steam dragon
  1755 | D:3      | Reached XP level 5. HP: 17/33 MP: 5/5
  1761 | D:3      | HP: 1/33 [steam dragon (5)]
  1763 | D:3      | Slain by a steam dragon

Illustrated notes

Levels and vault maps discovered:
D:1:      matt_arrival_refuge, layout_basic
D:2:      layout_basic, minmay_fractal_squares_5
D:3:      layout_loops_ring, fiery_altar_vehumet, old_standard_altar,
          serial_aquarium, aquarium_bridge_square [aquarium_subvault_wall,
          aquarium_subvault_wall, aquarium_subvault_balcony,
          aquarium_subvault_bridge], aquarium_window_1, aquarium_window_1,
          aquarium_window_2, aquarium_view_2e, aquarium_view_2b,
          aquarium_balcony_double_1, hellmonk_ecumenical_altar_arch_garden,
          gammafunk_ghost_cemetery

Skill      XL: |  1  2  3  4 |
---------------+-------------+-----
Long Blades    | 2 |  2.7
Shields        | 4 |  4.2
Armour         | 4 |  4.1
Fighting       | |  3.7
Dodging        | |  0.8

Action                     |  1- 3 |  4- 6 || total
---------------------------+-------+-------++-------
  Melee: Long sword        |   107 |    74 ||   181
    Use: Scroll            |     3 |     5 ||     8
         Potion            |       |     3 ||     3
 Armour: Scale mail        |    36 |       ||    36
         Chain mail        |    42 |    57 ||    99
  Dodge: Dodged            |    55 |    26 ||    81
  Block: Buckler           |    21 |    19 ||    40

Table legend: (Time is in decaauts)
 A = Elapsed time spent in this place.
 B = Non-inter-level travel time spent in this place.
 C = Inter-level travel time spent in this place.
 D = Time resting spent in this place.
 E = Time spent auto-exploring this place.
 F = Levels seen in this place.
 G = Mean time per level.
                   A        B        C        D        E       F      G
               +--------+--------+--------+--------+--------+-----+--------+
         Total |   1822 |   1802 |     20 |      0 |   1331 |   3 |  607.3 |
       Dungeon |   1822 |   1802 |     20 |      0 |   1331 |   3 |  607.3 |
               +--------+--------+--------+--------+--------+-----+--------+

Top non-repeatable levels by time:
     D:2: 713 daAuts
     D:1: 619 daAuts
     D:3: 489 daAuts
